 Dungeon Crawl Stone Soup version 0.31.0-4-g52a2dc7128 (webtiles) character file.

Game seed: 92476871933827584

36 GreatBamboolord the Magician (level 3, -4/20 HPs)
             Began as a Deep Elf Air Elementalist on Jan 21, 2024.
             Killed from afar by Sigmund (13 damage)
             ... with a puff of flame
             ... on level 2 of the Dungeon.
             The game lasted 00:02:37 (1426 turns).

GreatBamboolord the Magician (DEAE)                 Turns: 1426, Time: 00:02:37

Health: -4/20      AC:  3    Str:  5    XL:     3   Next: 19%
Magic:  8/10       EV: 13    Int: 21    God:
Gold:   39         SH:  0    Dex: 15    Spells: 3/9 levels left

rFire   . . .        i - +0 dagger (drain)
rCold   . . .        (no shield)
rNeg    . . .        a - +0 robe
rPois   .            (no helmet)
rElec   .            (no cloak)
rCorr   .            e - +0 pair of gloves
SInv    .            (no boots)
Will    .....        (no amulet)
Stlth   ++           (no ring)
HPRegen 0.23/turn    (no ring)
MPRegen 0.12/turn

%: no passive effects
@: no status effects
A: no striking features
a: no special abilities


You were on level 2 of the Dungeon.
You visited 1 branch of the dungeon, and saw 2 of its levels.

You collected 39 gold pieces.

Inventory:

Hand Weapons
 i - a +0 dagger of draining (weapon)
Armour
 a - a +0 robe (worn)
 e - a +0 pair of gloves (worn)
Scrolls
 h - a scroll of teleportation {unknown}
 k - a scroll of noise {unknown}
Potions
 b - 2 potions of magic
 c - 2 potions of berserk rage {unknown}
 d - a potion of haste {unknown}
 f - a potion of resistance {unknown}
 g - a potion of degeneration {unknown}
 j - a potion of heal wounds {unknown}


   Skills:
 + Level 0.7 Fighting
 + Level 2.7 Dodging
 + Level 2.6 Stealth
 * Level 3.5 Spellcasting
 * Level 1.9 Conjurations
 * Level 3.2 Air Magic


You had 3 spell levels left.
You knew the following spells:

 Your Spells              Type           Power      Damage    Failure   Level
a - Shock                 Conj/Air       56%        1d6       4%          1
b - Static Discharge      Conj/Air       28%        3-5/arc   7%          2
c - Swiftness             Air            17%        N/A       10%         3

Your spell library contained the following spells:

 Spells                   Type           Power      Damage    Failure   Level
 Slow                     Hex            12%        N/A       13%         1
 Summon Small Mammal      Summ           12%        N/A       13%         1
 Mephitic Cloud           Conj/Alch/Air  10%        N/A       19%         3
 Dazzling Flash           Conj/Hex       14%        N/A       26%         3
 Call Canine Familiar     Summ           3%         N/A       36%         3
 Confusing Touch          Hex            3%         N/A       36%         3
 Sigil of Binding         Hex            3%         N/A       36%         3
 Vampiric Draining        Necr           3%         2d6       36%         3
 Airstrike                Air            8%         2d(2-18)  32%         4
 Summon Blazeheart Golem  Fire/Summ      3%         N/A       77%         4
 Silence                  Hex/Air        5%         N/A       87%         5
 Curse of Agony           Necr           3%         N/A       98%         5


Dungeon Overview and Level Annotations

Branches:
Dungeon (2/15)

Altars:

Annotations:
D:1 exclusion: hobgoblin
D:2 Sigmund


Message History

The zap hits the rat.
You kill the rat!
You can't see any susceptible monsters within range! (Use Z to cast anyway.)
You can't see any susceptible monsters within range! (Use Z to cast anyway.)
You see here a rat corpse.
Done exploring.
Done exploring.
Done exploring.
You see here a rat corpse.
There is a stone staircase leading down here.
You climb downwards.
The adder hisses angrily.
Found an emerald potion and a scroll labelled AKEISH UPORU.
There is a stone staircase leading up here.
There are monsters nearby!
The helpless Sigmund fails to defend himself.
You puncture Sigmund! You drain Sigmund.
Sigmund is severely wounded.
Sigmund hits you with a +0 scythe!
There is a stone staircase leading up here.
Aiming: Shock (safe; 4% risk of failure)
Press: ? - help, Q - select action, (/) - cycle Shift-Dir - straight line, f - Sigmund
Aim: Sigmund, wielding a +0 scythe and wearing a +0 robe (severely wounded, heavily drained, 68% to hit)
The zap hits Sigmund.
Sigmund is almost dead.
The zap misses the adder.
Sigmund barely misses you. The goblin hits you but does no damage.
Aiming: Shock (safe; 4% risk of failure)
Press: ? - help, Q - select action, (/) - cycle Shift-Dir - straight line, f/p - Sigmund
Aim: Sigmund, wielding a +0 scythe and wearing a +0 robe (almost dead, heavily drained, 68% to hit)
The zap hits the adder.
The adder is lightly wounded.
The zap hits Sigmund.
Sigmund is almost dead.
The adder barely misses you. The rat bites you.
Sigmund gestures at you while chanting. The puff of flame hits you!
Ouch! That really hurt!
You die...
Sigmund begins carving another notch in his scythe.

...?## .....
#.... #...####
#......#
#......##
#.@SgB..##.#
#...@r......
#...!........#
#.#.##.##.####
#. #. #.. .. #
#### ##


You could see Sigmund (very drained), an adder, a giant cockroach, a goblin and
a rat.

Vanquished Creatures
  A dart slug (D:1)
  5 bats (D:1)
  2 endoplasms (D:1)
  3 giant cockroaches (D:1)
  3 goblins (D:1)
  3 hobgoblins (D:1)
  3 jackals (D:1)
  2 frilled lizards (D:1)
  3 kobolds (D:1)
  6 rats (D:1)
31 creatures vanquished.

Notes
Turn   | Place    | Note
-------+----------+-------------------------------------------
     0 | D:1      | GreatBamboolord the Deep Elf Air Elementalist began the
                  | quest for the Orb.
     0 | D:1      | Reached XP level 1. HP: 10/10 MP: 6/6
    10 | D:1      | Noticed a centaur
   200 | D:1      | Reached XP level 2. HP: 15/15 MP: 0/8
   399 | D:1      | Learned a level 2 spell: Static Discharge
   871 | D:1      | Reached XP level 3. HP: 20/20 MP: 4/9
   875 | D:1      | Learned a level 3 spell: Swiftness
  1077 | D:1      | Found a faded altar of an unknown god.
  1421 | D:2      | Noticed Sigmund
  1426 | D:2      | Killed from afar by Sigmund

Illustrated notes

Levels and vault maps discovered:
D:1:      evilmike_arrival_come_back, layout_basic,
          dreamdust_ecumenical_altar_sealed_demon
D:2:      layout_loops_ring, basic_altar, st_stairs_7, minmay_misc_feat_tiny,
          uniq_sigmund

Action                     || total
---------------------------++-------
  Melee: Short sword       ||     7
         Unarmed           ||     5
         Dagger            ||     1
   Cast: Shock             ||    70
   Stab: Sleeping          ||     1
 Armour: Robe              ||    13
  Dodge: Dodged            ||    23
